[Event "Djerba Festival Blitz 2025"]
[Site "Djerba"]
[Date "2025.02.21"]
[Round "2.35"]
[White "Zerarga, Imene"]
[Black "Feurprier, Matteo"]
[Result "1-0"]
[ECO "C54"]
[WhiteElo "1831"]
[BlackElo "1537"]
[PlyCount "89"]
[EventDate "2025.02.15"]
[EventType "swiss"]
[EventCountry "TUN"]
[TimeControl "180+3"]

1. e4 e5 2. Nf3 Nc6 3. Bc4 Bc5 4. c3 Nf6 5. d3 d6 6. Nbd2 Bg4 7. Nf1 O-O 8. h3 Bh5 9. Ng3 Bg6 10. O-O a6 11. Bb3 d5 12. Nh4 dxe4 13. Nxg6 hxg6 14. dxe4 Qxd1 15. Rxd1 Rfd8 16. Bg5 Na5 17. Bc2 Nc4 18. b3 Nd6 19. c4 Rd7 20. Bxf6 gxf6 21. Ne2 Rad8 22. Rac1 f5 23. exf5 Nxf5 24. Rxd7 Rxd7 25. Bxf5 gxf5 26. Ng3 Rd2 27. Rf1 Rxa2 28. Nxf5 Rb2 29. Nh6+ Kg7 30. Ng4 f6 31. Rd1 Bd6 32. c5 Bxc5 33. Rd7+ Kg6 34. Rxc7 Bb6 35. Rxb7 Rxb3 36. Rd7 Bd4 37. Rd6 e4 38. Rxa6 Rb1+ 39. Kh2 Be5+ 40. Nxe5+ Kf5 41. Ng4 Rb2 42. Ra5+ Ke6 43. Ra6+ Kf7 44. Rxf6+ Ke7 45. Rf4 1-0

[Event "Djerba Festival Blitz 2025"]
[Site "Djerba"]
[Date "2025.02.21"]
[Round "2.36"]
[White "Doucet, Jean Gabriel"]
[Black "Minde, Timothe"]
[Result "0-1"]
[ECO "C02"]
[WhiteElo "1506"]
[BlackElo "1879"]
[PlyCount "112"]
[EventDate "2025.02.15"]
[EventType "swiss"]
[EventCountry "TUN"]
[TimeControl "180+3"]

1. e4 e6 2. d4 d5 3. e5 c5 4. c3 Qb6 5. Nf3 Nc6 6. a3 f6 7. b4 fxe5 8. dxe5 c4 9. Be3 Qc7 10. Qa4 Bd7 11. b5 Nxe5 12. Nxe5 Qxe5 13. Qc2 Nf6 14. Nd2 Ng4 15. Be2 Nxe3 16. fxe3 Qxe3 17. a4 Bc5 18. O-O-O Qxe2 19. Rhe1 Qd3 20. Qxd3 cxd3 21. Nb3 Bd6 22. Rxd3 O-O 23. Rf3 Rxf3 24. gxf3 Bxh2 25. Nc5 Bf4+ 26. Kc2 Be8 27. Nxe6 Bg6+ 28. Kb2 Re8 29. Re2 Bf7 30. Nxf4 Rxe2+ 31. Nxe2 Kf8 32. Nf4 g5 33. Nh3 h6 34. Kc2 Bg6+ 35. Kd2 Bf5 36. Nf2 Ke7 37. Ke3 Ke6 38. Kd4 Kd6 39. a5 b6 40. a6 h5 41. Nh1 h4 42. Nf2 h3 43. Nh1 h2 44. Nf2 Bh3 45. c4 Bg2 46. cxd5 Bxf3 47. Ke3 Bxd5 48. Ke2 h1=Q 49. Nxh1 Bxh1 50. Kd3 Bc6 51. bxc6 Kxc6 52. Kc4 b5+ 53. Kb4 Kb6 54. Kc3 Kxa6 55. Kd3 Kb6 56. Ke3 a5 {[%emt 0:00:03] Kf4} 0-1

[Event "Djerba Festival Blitz 2025"]
[Site "Djerba"]
[Date "2025.02.21"]
[Round "2.38"]
[White "Mathanchandaran, Dev"]
[Black "Chargui, Saleh"]
[Result "1-0"]
[ECO "C11"]
[WhiteElo "1650"]
[BlackElo "1709"]
[PlyCount "79"]
[EventDate "2025.02.15"]
[EventType "swiss"]
[EventCountry "TUN"]
[TimeControl "180+3"]

1. e4 e6 2. d4 d5 3. Nd2 Nf6 4. e5 Nfd7 5. c3 c5 6. Ne2 Nc6 7. Nf3 Qb6 8. g3 Be7 9. Bg2 O-O 10. O-O f6 11. exf6 Bxf6 12. Nf4 Ndb8 13. dxc5 Qxc5 14. Be3 Qb5 15. Qc2 Na6 16. Rfe1 Re8 17. Bf1 Qa5 18. b4 Naxb4 19. cxb4 Nxb4 20. Qb3 Bd7 21. a4 Bxa1 22. Rxa1 Nc6 23. Qxb7 Qd8 24. Qb2 Rb8 25. Qc3 Qf6 26. Qc1 e5 27. Nxd5 Qxf3 28. Bg2 Qf7 29. Nc7 Re7 30. Bxc6 Bxc6 31. Qxc6 Rxc7 32. Qg2 e4 33. Bxa7 Rxa7 34. Qxe4 Rb2 35. Kg2 Qxf2+ 36. Kh3 Qxh2+ 37. Kg4 h5+ 38. Kf4 Rf7+ 39. Ke3 Qe2+ 40. Kd4 1-0

[Event "Djerba Festival Blitz 2025"]
[Site "Djerba"]
[Date "2025.02.21"]
[Round "2.41"]
[White "Farouz, Paul"]
[Black "Gunduz, Davud"]
[Result "0-1"]
[ECO "C30"]
[WhiteElo "1680"]
[BlackElo "1483"]
[PlyCount "54"]
[EventDate "2025.02.15"]
[EventType "swiss"]
[EventCountry "TUN"]
[TimeControl "180+3"]

1. e4 e5 2. Nc3 Nc6 3. Bc4 Nf6 4. d3 Bc5 5. f4 d6 6. Nf3 a6 7. h3 Be6 8. Bxe6 fxe6 9. fxe5 dxe5 10. Qe2 Nd4 11. Nxd4 exd4 12. Nd1 e5 13. O-O O-O 14. Kh1 Qe8 15. c3 Nh5 16. Rxf8+ Kxf8 17. Qf2+ Kg8 18. Kh2 Qg6 19. g4 Rf8 20. Qg2 Nf4 21. Bxf4 Rxf4 22. Nf2 dxc3 23. Rf1 cxb2 24. d4 Bxd4 25. Kg3 Bxf2+ 26. Rxf2 Rxf2 27. Qxf2 b1=Q 0-1

[Event "Djerba Festival Blitz 2025"]
[Site "Djerba"]
[Date "2025.02.21"]
[Round "2.42"]
[White "Baba, Jihed"]
[Black "Badrakova, Kseniya"]
[Result "0-1"]
[ECO "B01"]
[WhiteElo "1669"]
[BlackElo "1757"]
[PlyCount "44"]
[EventDate "2025.02.15"]
[EventType "swiss"]
[EventCountry "TUN"]
[TimeControl "180+3"]

1. e4 d5 2. exd5 Nf6 3. c4 c6 4. dxc6 e5 5. cxb7 Bxb7 6. Nf3 Bc5 7. Qe2 O-O 8. g3 e4 9. Nh4 e3 10. Bg2 exf2+ 11. Kf1 Re8 12. Bxb7 Rxe2 13. Kxe2 Qe7+ 14. Kd3 Qxb7 15. Rf1 Qe4+ 16. Kc3 Qd4+ 17. Kb3 Nc6 18. Nc3 Rb8+ 19. Nb5 Rxb5+ 20. cxb5 Qb4+ 21. Kc2 Qc4+ 22. Kb1 Qd3# 0-1

[Event "Djerba Festival Blitz 2025"]
[Site "Djerba"]
[Date "2025.02.21"]
[Round "2.43"]
[White "Kolodner, Garry"]
[Black "Baba, Mouadh"]
[Result "0-1"]
[ECO "E30"]
[WhiteElo "1697"]
[BlackElo "1688"]
[PlyCount "61"]
[EventDate "2025.02.15"]
[EventType "swiss"]
[EventCountry "TUN"]
[TimeControl "180+3"]

1. d4 Nf6 2. c4 e6 3. Nc3 Bb4 4. Bg5 h6 5. Bxf6 Qxf6 6. e4 d6 7. Bd3 Qxd4 8. Nge2 Bxc3+ 9. Nxc3 Qf6 10. O-O O-O 11. Qc2 Nc6 12. Rad1 Nb4 13. Qb1 Nxd3 14. Qxd3 b6 15. Nb5 Qd8 16. e5 a6 17. Nc3 Bb7 18. exd6 cxd6 19. Qxd6 Qg5 20. Qg3 Qc5 21. b3 Rac8 22. Na4 Qb4 23. Qe3 b5 24. Nb6 Rc6 25. Nd7 Rfc8 26. Ne5 R6c7 27. cxb5 axb5 28. h3 Rc3 29. Qd2 f6 30. Nd3 R8c7 31. Nxb4 0-1

[Event "Djerba Festival Blitz 2025"]
[Site "Djerba"]
[Date "2025.02.21"]
[Round "2.44"]
[White "Khider, Amilia"]
[Black "Guinet, Andy"]
[Result "1-0"]
[ECO "B06"]
[WhiteElo "1524"]
[BlackElo "1665"]
[PlyCount "77"]
[EventDate "2025.02.15"]
[EventType "swiss"]
[EventCountry "TUN"]
[TimeControl "180+3"]

1. e4 g6 2. d4 Bg7 3. Nf3 d6 4. Bc4 Bg4 5. Be2 Nc6 6. c3 Nf6 7. h3 Bxf3 8. Bxf3 O-O 9. Be3 e5 10. d5 Ne7 11. Nd2 c6 12. c4 cxd5 13. cxd5 Nd7 14. Nc4 Nc8 15. Qd2 b5 16. Na5 f5 17. Nc6 Qe8 18. g3 Ne7 19. Nxa7 fxe4 20. Bxe4 Qb8 21. Nc6 Nxc6 22. dxc6 Nf6 23. Bg2 Qc7 24. O-O e4 25. Rac1 Ra6 26. Qb4 Rxc6 27. Qxb5 Rxc1 28. Rxc1 Qe7 29. a4 Nd7 30. Rc7 Rf7 31. a5 Qe6 32. a6 Ne5 33. Qb8+ Bf8 34. a7 Rxc7 35. Qxc7 Qe8 36. Qb8 Qxb8 37. axb8=Q Kg7 38. Bxe4 Nc4 39. Qc7+ 1-0

[Event "Djerba Festival Blitz 2025"]
[Site "Djerba"]
[Date "2025.02.21"]
[Round "2.46"]
[White "Doucet, Paul-Loup"]
[Black "Guinet, Stephane"]
[Result "0-1"]
[ECO "B05"]
[WhiteElo "1503"]
[BlackElo "1617"]
[PlyCount "75"]
[EventDate "2025.02.15"]
[EventType "swiss"]
[EventCountry "TUN"]
[TimeControl "180+3"]

1. e4 Nf6 2. e5 Nd5 3. c4 Nb6 4. d4 d6 5. exd6 exd6 6. Nf3 Bg4 7. Nc3 Be7 8. Be2 O-O 9. h3 Bh5 10. O-O Nc6 11. Be3 Bg5 12. Nxg5 Bxe2 13. Qxe2 Re8 14. Qf3 Nxd4 15. Qxf7+ Kh8 16. Bxd4 Qxg5 17. Ne4 Rxe4 18. Be3 Qe5 19. b3 Re8 20. Bxb6 axb6 21. f4 Qc5+ 22. Kh1 d5 23. Qxd5 Qxd5 24. cxd5 Rd4 25. Rad1 Rxd1 26. Rxd1 Re4 27. g3 Re2 28. a3 h6 29. d6 cxd6 30. Rxd6 Re3 31. Rxb6 Rxg3 32. Kh2 Rf3 33. Rxb7 Rxf4 34. a4 Rd4 35. b4 Kg8 36. a5 Kf8 37. a6 Rd8 38. a7 0-1